 Dungeon Crawl Stone Soup version 0.29-a0-993-g4a18f31a58 (webtiles) character file.

Game seed: 12868296325709733832

310 leavemydog the Chopper (level 6, -15/79 HPs)
             Began as a Hill Orc Fighter on Aug 2, 2022.
             Was an Elder of Uskayaw.
             Demolished by Pikel
             ... wielding a +2 whip of freezing
              (17 damage)
             ... on level 5 of the Dungeon.
             The game lasted 00:05:10 (4215 turns).

leavemydog the Chopper (Hill Orc Fighter)           Turns: 4215, Time: 00:05:11

Health: -15/79     AC:  8    Str: 21    XL:     6   Next: 41%
Magic:  6/6        EV:  9    Int:  8    God:    Uskayaw [****..]
Gold:   175        SH:  9    Dex: 10    Spells: 5/5 levels left

rFire   + . .      SeeInvis .   a - +0 war axe
rCold   . . .      Faith    .   c - +0 buckler
rNeg    . . .      Spirit   .   b - +0 scale mail
rPois   .          Reflect  +   (no helmet)
rElec   .          Harm     .   t - +0 cloak
rCorr   .          Rampage  .   (no gloves)
Will    .....                   (no boots)
Stlth   ..........              g - amulet of reflection
HPRegen 0.23/turn               m - ring of protection from fire
MPRegen 0.10/turn               (no ring)

@: berserking, very quick
A: no striking features
a: Renounce Religion, Stomp, Line Pass


You were on level 5 of the Dungeon.
You worshipped Uskayaw.
Uskayaw was noncommittal.
You visited 2 branches of the dungeon, and saw 6 of its levels.

You collected 175 gold pieces.

Inventory:

Hand Weapons
 a - a +0 war axe (weapon)
 u - a +2 quarterstaff of chaos
Armour
 b - a +0 scale mail (worn)
 c - a +0 buckler (worn)
 t - a +0 cloak (worn)
Jewellery
 g - an amulet of reflection (around neck)
 m - a ring of protection from fire (left hand)
Wands
 k - a wand of flame (16)
 s - a wand of polymorph (7)
Scrolls
 e - 7 scrolls of teleportation
 f - 2 scrolls of magic mapping {unknown}
 h - a scroll of enchant weapon {unknown}
 o - a scroll of fear {unknown}
 p - a scroll of amnesia {unknown}
 v - a scroll of identify
Potions
 d - 2 potions of might
 i - a potion of invisibility
 j - a potion of flight
 l - a potion of resistance
 q - 2 potions of lignification {unknown}
 r - a potion of haste {unknown}
 w - a potion of experience {unknown}
 x - a potion of attraction {unknown}


   Skills:
 + Level 4.3 Fighting
 * Level 6.8 Axes
 + Level 4.3 Armour
 + Level 4.2 Shields


You had 5 spell levels left.
You didn't know any spells.
Your spell library contained the following spells:

 Spells                   Type           Power      Damage    Failure   Level
 Apportation              Tloc           0%         N/A       83%         1
 Alistair's Intoxication  Tmut/Pois      0%         N/A       100%        5


Dungeon Overview and Level Annotations

Branches:
Dungeon (5/15)             Temple (1/1) D:4

Altars:
Ashenzari
Cheibriados
Dithmenos
Elyvilon
Fedhas
Gozag
Hepliaklqana
Kikubaaqudgha
Makhleb
Nemelex Xobeh
Okawaru
Qazlal
Ru
Sif Muna
Trog
Uskayaw
Vehumet
Wu Jian
Xom
Zin
The Shining One

Shops:
D:3 [   D:4 =

Annotations:
D:5 Pikel


Message History

Pikel is heavily wounded.
You hit the lemure. You hit the lemure but do no damage.
You block the lemure's attack. The lemure hits you.
Pikel hits you with a +2 whip of freezing.
Pikel freezes you.
You closely miss Pikel.
Pikel is heavily wounded.
You completely miss the lemure. You barely miss the lemure. x2
Pikel hits you with a +2 whip of freezing.
* * * LOW HITPOINT WARNING * * *
Pikel freezes you.
* * * LOW HITPOINT WARNING * * *
The lemure hits you.
* * * LOW HITPOINT WARNING * * *
The lemure hits you.
* * * LOW HITPOINT WARNING * * *
The lemure hits you.
* * * LOW HITPOINT WARNING * * *
Pikel barely misses you. The lemure closely misses you.
The lemure barely misses you. x2
A red film seems to cover your vision as you go berserk!
You feel yourself moving faster!
You feel mighty! You block Pikel's attack. Pikel hits you but does no damage.
The lemure hits you but does no damage. x2
The lemure barely misses you.
You hit Pikel.
Pikel is severely wounded.
You hit the lemure. x2; You completely miss the lemure.
Pikel hits you with a +2 whip of freezing.
* * * LOW HITPOINT WARNING * * *
Pikel freezes you.
* * * LOW HITPOINT WARNING * * *
You slash Pikel!
Pikel is almost dead.
You closely miss the lemure. You slash the lemure!
You kill the lemure!
That felt strangely unrewarding.
You slash the lemure! The lemure hits you.
* * * LOW HITPOINT WARNING * * *
You block the lemure's attack.
Pikel hits you with a +2 whip of freezing!
You die...

........ ......$##
.....$. ####.....
#....... #....W. .#
#...K5########.###.#
#...5@..........##.#
#...........##..##.###
####........#.........
#........#..#......
#........#.........
######.............
#.###.......#.
#.##.......<#.
#.....#....##.


You could see Pikel (berserk), 2 lemures and a phantom.

Vanquished Creatures
  2 lemures (D:5)
  A scorpion (D:4)
  A jelly (D:5)
  Crazy Yiuf (D:2)
  3 gnolls (D:3)
  7 adders
  5 worms
  2 dart slugs
  An orc (D:3)
  3 endoplasms
  5 giant cockroaches
  6 goblins
  4 hobgoblins
  13 jackals
  A quokka (D:1)
  6 ball pythons
  9 bats
  4 frilled lizards
  11 kobolds
  5 rats
90 creatures vanquished.

Vanquished Creatures (others)
  2 fungi (D:2)
2 creatures vanquished.

Grand Total: 92 creatures vanquished

Notes
Turn   | Place    | Note
-------+----------+-------------------------------------------
     0 | D:1      | leavemydog the Hill Orc Fighter began the quest for the
                  | Orb.
     0 | D:1      | Reached XP level 1. HP: 19/19 MP: 1/1
   158 | D:1      | Found a faded altar of an unknown god.
   170 | D:1      | Reached skill level 3 in Axes
   170 | D:1      | Reached XP level 2. HP: 27/27 MP: 2/2
   487 | D:1      | Reached XP level 3. HP: 13/33 MP: 3/3
  1004 | D:2      | Reached skill level 4 in Axes
  1041 | D:2      | Reached XP level 4. HP: 40/40 MP: 4/4
  1920 | D:2      | Found a runed translucent door.
  1921 | D:2      | Noticed Crazy Yiuf
  1927 | D:2      | Killed Crazy Yiuf
  1928 | D:2      | Reached skill level 5 in Axes
  1998 | D:3      | Reached XP level 5. HP: 43/46 MP: 5/5
  2476 | D:3      | Reached skill level 6 in Axes
  2517 | D:3      | Found Meituusask's Antique Armour Shop.
  3140 | D:4      | Found an opulent altar of Gozag.
  3270 | D:4      | Found Rocsicak's Jewellery Emporium.
  3568 | D:4      | Reached XP level 6. HP: 49/52 MP: 6/6
  3657 | D:4      | Found a staircase to the Ecumenical Temple.
  3836 | Temple   | Entered the Ecumenical Temple
  4078 | Temple   | Became a worshipper of Uskayaw the Reveller
  4139 | D:5      | Entered Level 5 of the Dungeon
  4147 | D:5      | Reached * piety under Uskayaw
  4199 | D:5      | Noticed Pikel
  4201 | D:5      | Reached ** piety under Uskayaw
  4205 | D:5      | Reached *** piety under Uskayaw
  4207 | D:5      | Reached **** piety under Uskayaw
  4215 | D:5      | HP: 2/79 [lemure[Pikel] (4)]
  4215 | D:5      | Demolished by Pikel

Illustrated notes

Levels and vault maps discovered:
D:1:      elethiomel_arrival_infinity_welcomes_careful_drivers, layout_basic,
          shapermc_ecumenical_altar_mp_urbaneastern, kennysheep_flooded_box,
          minmay_split_cup_small
D:2:      layout_basic, nicolae_concentric_dashed_squares_mild,
          uniq_crazy_yiuf_cottage
D:3:      layout_loops_ring, serial_shops, nicolae_shop_waterfront
D:4:      layout_gridville, mainiacjoe_overflow_alcove_1,
          minmay_temple_entry_fiery, serial_shops, nicolae_shop_window_shopping
D:5:      layout_basic, serial_shops, nicolae_lakefront_shop,
          kennysheep_generic_room_15, uniq_pikel
Temple:   nicolae_temple_slightly_damp_pantheon

Skill      XL: |  1  2  3  4  5 |
---------------+----------------+-----
Axes           | 3 4 5 6 |  6.8
Fighting       | 4 |  4.3
Armour         | 4 |  4.3
Shields        | 4 |  4.2

Action                   |  1- 3 |  4- 6 || total
-------------------------+-------+-------++-------
Melee: War axe           |    90 |   192 ||   282
  Use: Scroll            |       |     5 ||     5
       Potion            |       |     1 ||     1
 Stab: Paralysed         |       |     2 ||     2
Armor: Scale mail        |    70 |    77 ||   147
Dodge: Dodged            |    61 |    84 ||   145
Block: Buckler           |    24 |    79 ||   103
       Reflection        |       |     1 ||     1

Table legend: (Time is in decaauts)
 A = Elapsed time spent in this place.
 B = Non-inter-level travel time spent in this place.
 C = Inter-level travel time spent in this place.
 D = Time resting spent in this place.
 E = Time spent auto-exploring this place.
 F = Levels seen in this place.
 G = Mean time per level.
                   A        B        C        D        E       F      G
               +--------+--------+--------+--------+--------+-----+--------+
         Total |   4299 |   3943 |    356 |    183 |   3099 |   6 |  716.5 |
       Dungeon |   4037 |   3778 |    259 |    183 |   2955 |   5 |  807.4 |
        Temple |    261 |    165 |     96 |      0 |    144 |   1 |  261.0 |
               +--------+--------+--------+--------+--------+-----+--------+

Top non-repeatable levels by time:
     D:2: 1108 daAuts
     D:4: 1020 daAuts
     D:1: 928 daAuts
     D:3: 900 daAuts
  Temple: 261 daAuts
     D:5: 79 daAuts
